TOP OF THE 1ST |
---|
California Golden Bears batting - Pitching for Creighton Blue Jays : RHP Gunnar Jenkins | Pitching: RHP Gunnar Jenkins | | Batting: LHB Otis Johnston | 0-0: Foul Ball, location: 2F 0-1: Ball 1-1: Fly out, F8 (Flyball, 8LM) | Batting: RHB Phil Cabrera | 0-0: Ball 1-0: Ball 2-0: Ball 3-0: Called Strike 3-1: Swinging Strike 3-2: Strikes out swinging | Batting: RHB Sergio González | 0-0: Ball 1-0: Called Strike 1-1: Ball 2-1: SINGLE (Flyball, 7S) | Batting: RHB Gabriel Lucero | 0-0: Ball 1-0: Ball 2-0: SINGLE (Line Drive, 9LS) Sergio González to second | Batting: RHB Cisco Villa | 0-0: Called Strike 0-1: Ball 1-1: Ball 2-1: Swinging Strike 2-2: Ball 3-2: Strikes out swinging | Top of the 1st over - 0 runs, 2 hits, 0 errors, 2 left on base; California 0 - Creighton 0 | TOP OF THE 2ND |
---|
California Golden Bears batting - Pitching for Creighton Blue Jays : RHP Gunnar Jenkins | Batting: RHB Greg Brown | 0-0: Ball 1-0: Ball 2-0: Called Strike 2-1: Foul Ball, location: 2F 2-2: Foul Ball, location: 2F 2-2: Strikes out swinging | Batting: SHB John Allen | 0-0: Called Strike 0-1: SINGLE (Line Drive, 6D) | Batting: RHB Dave Burchette | 0-0: Ball John Allen steals 2nd base 1-0: Ball 2-0: Foul Ball, location: 2F 2-1: Ground out 4-3 (Groundball, 4) John Allen to third | Batting: SHB Dan Morse | 0-0: Ball 1-0: Foul Ball, location: 2F 1-1: Called Strike 1-2: Strikes out swinging | Top of the 2nd over - 0 runs, 1 hit, 0 errors, 1 left on base; California 0 - Creighton 2 | BOTTOM OF THE 2ND |
---|
Creighton Blue Jays batting - Pitching for California Golden Bears : RHP Dexter Miller | Batting: LHB Mike Collier | 0-0: Foul Ball, location: 2F 0-1: Ball 1-1: DOUBLE (Flyball, 78D) | Batting: RHB Michael Carr | 0-0: Ball 1-0: Called Strike 1-1: Foul Ball, location: 2F 1-2: Strikes out swinging | Batting: LHB Miguel Maldonado | 0-0: Ball 1-0: Ball 2-0: SINGLE (Line Drive, 6D) Mike Collier to third Throwing error, E8 Mike Collier scores Miguel Maldonado to second | Batting: RHB Enrico De Jesús | 0-0: Called Strike 0-1: Fly out, F7 (Flyball, 78S) | Batting: RHB Ryan Barnes | 0-0: Called Strike 0-1: Ground out 1-3 (Groundball, 15S) | Bottom of the 2nd over - 1 run, 2 hits, 1 error, 1 left on base; California 0 - Creighton 3 | TOP OF THE 3RD |
---|
California Golden Bears batting - Pitching for Creighton Blue Jays : RHP Gunnar Jenkins | Batting: LHB Otis Johnston | 0-0: Called Strike 0-1: Ball 1-1: Foul Ball, location: 2F 1-2: Ball 2-2: SOLO HOME RUN (Flyball, 9LD), Distance : 346 ft | Batting: RHB Phil Cabrera | 0-0: Ball 1-0: Called Strike 1-1: Fly out, F9 (Line Drive, 9) | Batting: RHB Sergio González | 0-0: SINGLE (Groundball, 56D) | Batting: RHB Gabriel Lucero | 0-0: Called Strike 0-1: Foul Ball, location: 2F 0-2: Ball 1-2: Grounds into double play, 1-4-3 (Groundball, 15S) | Top of the 3rd over - 1 run, 2 hits, 0 errors, 0 left on base; California 1 - Creighton 3 | BOTTOM OF THE 3RD |
---|
Creighton Blue Jays batting - Pitching for California Golden Bears : RHP Dexter Miller | Batting: RHB Carlos Gómez | 0-0: Ball 1-0: Foul Ball, location: 2F 1-1: Swinging Strike 1-2: TRIPLE (Line Drive, 8LXD) | Batting: LHB David Trent | 0-0: Ball 1-0: Swinging Strike 1-1: Foul Ball, location: 2F 1-2: Foul Ball, location: 2F 1-2: Ball 2-2: Ball 3-2: Fly out, F7 (Flyball, 7LM) | Batting: RHB Lucas Archer | 0-0: Ball 1-0: Called Strike 1-1: Called Strike 1-2: Ground out 4-3 (Groundball, 4) Carlos Gómez scores | Batting: LHB Ismael Báez | 0-0: SINGLE (Flyball, 8LM) | Batting: LHB Mike Collier | 0-0: Ball 1-0: Fielders Choice at 2nd, 6-4 (Groundball, 6) | Bottom of the 3rd over - 1 run, 2 hits, 0 errors, 1 left on base; California 1 - Creighton 4 | TOP OF THE 4TH |
---|
California Golden Bears batting - Pitching for Creighton Blue Jays : RHP Gunnar Jenkins | Batting: RHB Cisco Villa | 0-0: Ball 1-0: Ball 2-0: Ball 3-0: Called Strike 3-1: Base on Balls | Batting: RHB Greg Brown | 0-0: Ball Wild Pitch! Cisco Villa to second 1-0: Ball 2-0: Called Strike 2-1: Ground out 5-3 (Groundball, 5) | Batting: SHB John Allen | 0-0: SINGLE (Line Drive, 4MD) Cisco Villa to third | Batting: RHB Dave Burchette | 0-0: Called Strike 0-1: Ball 1-1: Ball 2-1: Foul Ball, location: 2F 2-2: Fielders Choice at 2nd, 6-4 (Groundball, 6) Cisco Villa scores | Batting: SHB Dan Morse | 0-0: Ball 1-0: Ball 2-0: Ground out U3 (Groundball, 3L) | Top of the 4th over - 1 run, 1 hit, 0 errors, 1 left on base; California 2 - Creighton 4 | BOTTOM OF THE 4TH |
---|
Creighton Blue Jays batting - Pitching for California Golden Bears : RHP Dexter Miller | Batting: RHB Michael Carr | 0-0: SINGLE (Flyball, 9LS) | Batting: LHB Miguel Maldonado | 0-0: Ball 1-0: Ball 2-0: Foul Ball, location: 2F 2-1: 2-RUN HOME RUN (Line Drive, 9LD), Distance : 340 ft | Pitching: RHP Martin Dixon | | Batting: RHB Enrico De Jesús | 0-0: Ball 1-0: Foul Ball, location: 2F 1-1: Ground out 5-3 (Groundball, 2L) | Batting: RHB Ryan Barnes | 0-0: Ball 1-0: Ball 2-0: SINGLE (Groundball, 6MD) | Batting: RHB Carlos Gómez | 0-0: Ball 1-0: Called Strike Ryan Barnes is caught stealing 2nd base 1-1: Fly out, F7 (Line Drive, 78D) | Bottom of the 4th over - 2 runs, 3 hits, 0 errors, 0 left on base; California 2 - Creighton 6 | TOP OF THE 5TH |
---|
California Golden Bears batting - Pitching for Creighton Blue Jays : RHP Gunnar Jenkins | Batting: LHB Otis Johnston | 0-0: Ball 1-0: Foul Ball, location: 2F 1-1: SINGLE (Flyball, 89S) | Batting: RHB Phil Cabrera | 0-0: SINGLE (Groundball, 4) (infield hit) Otis Johnston to second | Batting: RHB Sergio González | 0-0: Ball 1-0: Called Strike 1-1: Ball 2-1: SINGLE (Groundball, 56D) Otis Johnston to third Phil Cabrera to second Runner from 3rd tries for Home, SAFE, throw made home | Batting: RHB Gabriel Lucero | 0-0: Ball 1-0: Ball 2-0: Called Strike 2-1: Ball 3-1: SINGLE (Groundball, 6MD) Phil Cabrera to third Sergio González to second | Pitching: LHP Ángel Quintana | | Batting: RHB Cisco Villa | 0-0: Swinging Strike 0-1: Called Strike 0-2: Strikes out looking | Batting: RHB Greg Brown | 0-0: Called Strike 0-1: Called Strike 0-2: Ball 1-2: Foul Ball, location: 2F 1-2: Foul Ball, location: 2F 1-2: Ball 2-2: Ball 3-2: Foul Ball, location: 2F 3-2: Fly out, F9 (Flyball, 9) Runner from 3rd tags up, SCORES, throw made | Batting: SHB John Allen | 0-0: Called Strike 0-1: Ball 1-1: Ball 2-1: Foul Ball, location: 2F 2-2: Hit by Pitch Sergio González to third Gabriel Lucero to second | Batting: RHB Dave Burchette | 0-0: Ball 1-0: Foul Ball, location: 2F 1-1: Ball 2-1: Swinging Strike 2-2: Ball 3-2: Base on Balls Sergio González scores Gabriel Lucero to third John Allen to second | Batting: SHB Dan Morse | 0-0: Ground out 5-3 (Groundball, 56S) | Top of the 5th over - 3 runs, 4 hits, 0 errors, 3 left on base; California 5 - Creighton 6 | BOTTOM OF THE 5TH |
---|
Creighton Blue Jays batting - Pitching for California Golden Bears : RHP Martin Dixon | Batting: LHB David Trent | 0-0: Ground out 5-3 (Groundball, 5) | Batting: RHB Lucas Archer | 0-0: Ball 1-0: Ball 2-0: SOLO HOME RUN (Flyball, 9D), Distance : 370 ft | Batting: LHB Ismael Báez | 0-0: Ball 1-0: Ball 2-0: Ball 3-0: Base on Balls | Batting: LHB Mike Collier | 0-0: Foul Ball, location: 2F 0-1: Foul Ball, location: 2F 0-2: Ball 1-2: Ball 2-2: Foul Ball, location: 2F 2-2: Strikes out looking | Batting: RHB Michael Carr | 0-0: Ball 1-0: Ball 2-0: Called Strike 2-1: Foul Ball, location: 2F 2-2: Foul Ball, location: 2F 2-2: Ball 3-2: Base on Balls Ismael Báez to second | Batting: LHB Miguel Maldonado | 0-0: Called Strike 0-1: Ball 1-1: Ball 2-1: Ground out 4-3 (Groundball, 4) | Bottom of the 5th over - 1 run, 1 hit, 0 errors, 2 left on base; California 5 - Creighton 7 | TOP OF THE 6TH |
---|
California Golden Bears batting - Pitching for Creighton Blue Jays : LHP Ángel Quintana | Batting: LHB Otis Johnston | 0-0: Called Strike 0-1: Ball 1-1: Ball 2-1: DOUBLE (Line Drive, 8LD) | Batting: RHB Phil Cabrera | 0-0: Ball 1-0: Called Strike 1-1: Called Strike 1-2: Fly out, F6 (Popup, 6MD) | Batting: RHB Sergio González | 0-0: Foul Ball, location: 2F 0-1: Ball 1-1: Ball 2-1: Foul Ball, location: 2F 2-2: Ball 3-2: Strikes out swinging | Batting: RHB Gabriel Lucero | 0-0: Ball 1-0: Called Strike 1-1: Ball 2-1: Swinging Strike 2-2: Ball 3-2: Ground out U3 (Groundball, 34) | Top of the 6th over - 0 runs, 1 hit, 0 errors, 1 left on base; California 5 - Creighton 7 | BOTTOM OF THE 6TH |
---|
Creighton Blue Jays batting - Pitching for California Golden Bears : RHP Martin Dixon | Batting: RHB Enrico De Jesús | 0-0: Ball 1-0: Ball 2-0: Fly out, F7 (Line Drive, 7) | Batting: RHB Ryan Barnes | 0-0: SINGLE (Groundball, 34D) | Batting: RHB Carlos Gómez | 0-0: Ball Throwing error on steal attempt, E2 Ryan Barnes to third 1-0: Fly out, F8 (Flyball, 8LD) Runner from 3rd tags up, SCORES, throw made | Batting: LHB David Trent | 0-0: Foul Ball, location: 2F 0-1: Called Strike 0-2: Ball 1-2: Strikes out swinging | Bottom of the 6th over - 1 run, 1 hit, 1 error, 0 left on base; California 5 - Creighton 8 | TOP OF THE 7TH |
---|
California Golden Bears batting - Pitching for Creighton Blue Jays : LHP Ángel Quintana | Batting: RHB Cisco Villa | 0-0: SINGLE (Groundball, 56D) | Batting: RHB Greg Brown | 0-0: Foul Ball, location: 2F 0-1: Swinging Strike 0-2: Ball 1-2: Fly out, F9 (Flyball, 9) | Pitching: RHP Jason Lawson | | Batting: SHB John Allen | 0-0: Ball 1-0: 2-RUN HOME RUN (Flyball, 9LD), Distance : 339 ft | Batting: RHB Dave Burchette | 0-0: Ball 1-0: Ball 2-0: Ball 3-0: Base on Balls | Batting: SHB Dan Morse | 0-0: Ball 1-0: Called Strike 1-1: Ball 2-1: Ball 3-1: Base on Balls Dave Burchette to second | Batting: LHB Otis Johnston | 0-0: Ball 1-0: Foul Ball, location: 2F 1-1: Ball 2-1: Swinging Strike 2-2: Fly out, F7 (Flyball, 7) | Batting: RHB Phil Cabrera | 0-0: Ball 1-0: Foul Ball, location: 2F 1-1: Swinging Strike 1-2: Ball 2-2: Ground out 5-3 (Groundball, 56S) | Top of the 7th over - 2 runs, 2 hits, 0 errors, 2 left on base; California 7 - Creighton 8 | BOTTOM OF THE 7TH |
---|
Creighton Blue Jays batting - Pitching for California Golden Bears : RHP Martin Dixon | Batting: RHB Lucas Archer | 0-0: Ball 1-0: Called Strike 1-1: SINGLE (Groundball, 34D) | Batting: LHB Ismael Báez | 0-0: Ball 1-0: Bunt - Flyout! F5 | Pinch Hitting: LHB Bernard Lane | 0-0: Ball 1-0: Foul Ball, location: 2F 1-1: Ball 2-1: Foul Ball, location: 2F 2-2: Foul Ball, location: 2F 2-2: Ball 3-2: Strikes out swinging | Pitching: RHP Mark Crouch | | Batting: RHB Michael Carr | 0-0: Ball 1-0: Called Strike 1-1: Foul Ball, location: 2F 1-2: Foul Ball, location: 2F 1-2: Ball 2-2: Strikes out swinging | Bottom of the 7th over - 0 runs, 1 hit, 0 errors, 1 left on base; California 7 - Creighton 8 | TOP OF THE 8TH |
---|
California Golden Bears batting - Pitching for Creighton Blue Jays : RHP Jason Lawson | Now in CF: Bernard Lane | | Batting: RHB Sergio González | 0-0: Called Strike 0-1: Ground out U3 (Groundball, 3S) | Batting: RHB Gabriel Lucero | 0-0: Ball 1-0: Foul Ball, location: 2F 1-1: Ball 2-1: SINGLE (Line Drive, 8LS) | Pinch Runner at 1st B.J. Ware: | | Batting: RHB Cisco Villa | 0-0: Foul Ball, location: 2F 0-1: Grounds into double play, 4-6-3 (Groundball, 34) | Top of the 8th over - 0 runs, 1 hit, 0 errors, 0 left on base; California 7 - Creighton 8 | BOTTOM OF THE 8TH |
---|
Creighton Blue Jays batting - Pitching for California Golden Bears : RHP Mark Crouch | Now in LF: B.J. Ware | | Batting: LHB Miguel Maldonado | 0-0: Ball 1-0: Ball 2-0: SINGLE (Line Drive, 4) | Batting: RHB Enrico De Jesús | 0-0: Ball 1-0: Fly out, F8 (Flyball, 8RD) | Batting: RHB Ryan Barnes | 0-0: Ball 1-0: Swinging Strike 1-1: Ball 2-1: Ball 3-1: Grounds into double play, 6-4-3 (Groundball, 6MD) | Bottom of the 8th over - 0 runs, 1 hit, 0 errors, 0 left on base; California 7 - Creighton 8 | TOP OF THE 9TH |
---|
California Golden Bears batting - Pitching for Creighton Blue Jays : RHP Jason Lawson | Pitching: LHP José Sánchez | | Now at C: Quinton Workman | | Batting: RHB Greg Brown | 0-0: Swinging Strike 0-1: Swinging Strike 0-2: Strikes out looking | Batting: SHB John Allen | 0-0: Ball 1-0: Ball 2-0: Ball 3-0: Called Strike 3-1: Called Strike 3-2: Foul Ball, location: 2F 3-2: Strikes out looking | Batting: RHB Dave Burchette | 0-0: SOLO HOME RUN (Flyball, 7LD), Distance : 364 ft | Batting: SHB Dan Morse | 0-0: Foul Ball, location: 2F 0-1: SINGLE (Groundball, 4MD) | Pinch Hitting: RHB Lyle Clark | 0-0: Called Strike Dan Morse steals 2nd base 0-1: Ball 1-1: Ball 2-1: Foul Ball, location: 2F 2-2: Foul Ball, location: 2F 2-2: Fly out, F5 (Line Drive, 56) | Top of the 9th over - 1 run, 2 hits, 0 errors, 1 left on base; California 8 - Creighton 8 | BOTTOM OF THE 9TH |
---|
Creighton Blue Jays batting - Pitching for California Golden Bears : RHP Mark Crouch | Now in RF: Ralph Hawkins | | Batting: RHB Carlos Gómez | 0-0: Swinging Strike 0-1: Ball 1-1: Foul Ball, location: 2F 1-2: Ball 2-2: Ball 3-2: Foul Ball, location: 2F 3-2: Strikes out swinging | Batting: LHB Quinton Workman | 0-0: Ball 1-0: Foul Ball, location: 2F 1-1: Ball 2-1: SOLO HOME RUN (Flyball, 9LD), Distance : 345 ft | Saturday, December 16th, 2017 - OOTP Baseball 18.8 Build 76 |
|